Sewer Rats vs Inferno
(R2)
Created - October 17, 2018 at 20:24
Goals
|
| Sewer Rats |
1 |
3 |
1 |
5 |
| Inferno |
0 |
1 |
0 |
1 |
|
Shots
|
| Sewer Rats |
8 |
8 |
6 |
22 |
| Inferno |
6 |
10 |
11 |
27 |
|
1st period
1. Sewer Rats , Ville Leino 3 (Vincent Trocheck 2, Mark Mancari 2) at 14:04
Penalties :
Ryan Murphy (Tol) for Hooking (Minor) at 2:31, Mark Mancari (Tol) for Roughing (Minor) at 8:21, Vincent Trocheck (Tol) for Slashing (Minor) at 16:39, Mark Mancari (Tol) for Hooking (Minor) at 16:42
2nd period
2. Sewer Rats , Vincent Trocheck 1 (Mark Mancari 3, Ville Leino 1) at 5:40 (PP)
3. Sewer Rats , Ville Leino 4 (Mark Mancari 4, Vincent Trocheck 3) at 12:28 (PP)
4. Sewer Rats , Vincent Trocheck 2 (Ville Leino 2, Mark Mancari 5) at 14:35 (PP)
5. Inferno , Kyle Palmieri 2 (Esa Lindell 2, Tanner Pearson 1) at 16:38 (PP)
Penalties :
Mattias Ekholm (Tol) for Hooking (Minor) at 0:12, Mathieu Brodeur (Anc) for Boarding (Minor) at 5:10, David Savard (Anc) for Hooking (Minor) at 5:25, Ryan Spooner (Anc) for Hooking (Minor) at 7:51, Anders Lee (Anc) for Tripping (Minor) at 12:14, Vladimir Sobotka (Anc) for Hooking (Minor) at 14:19, Ville Leino (Tol) for Tripping (Minor) at 16:28
3rd period
6. Sewer Rats , Vincent Trocheck 3 (Ville Leino 3, Mark Mancari 6) at 0:06
Penalties :
David Savard (Anc) for Fighting (Major) at 0:15, Matt Lashoff (Tol) for Fighting (Major) at 0:15, Mattias Ekholm (Tol) for High sticking (Minor) at 1:45, Jonathan Huberdeau (Tol) for Slashing (Double Minor) at 10:33, Kyle Palmieri (Anc) for Holding (Minor) at 14:57, Dmitrij Jaskin (Tol) for Hooking (Minor) at 18:46
Goalie Stats
Marek Mazanek (Tol), 26 saves from 27 shots - (0.963), W, 1-0-1, 60:00 minutes
Christopher Gibson (Anc), 6 saves from 7 shots - (0.857), 25:25 minutes
Michael Hutchinson (Anc), 11 saves from 15 shots - (0.733), L, 0-1-0, 34:35 minutes
Players Stats for Sewer Rats
Player Name G A P +/- PIM S H SB GA TA FO MP PP MP PK MP
------------------------------------------------------------------------------------
Anthony Duclair 0 0 0 0 0 3 0 0 1 0 0/0 7:25 0:00 0:00
Daniel Carr 0 0 0 0 0 0 3 0 0 0 0/0 9:16 0:00 0:40
Dmitrij Jaskin 0 0 0 0 2 0 0 0 0 0 1/1 12:34 0:00 4:19
Jarred Tinordi 0 0 0 1 0 0 2 2 0 1 0/0 21:57 2:00 6:17
Joel Edmundson 0 0 0 0 0 0 0 1 0 0 0/0 0:19 0:00 0:00
John Ramage 0 0 0 0 0 1 0 1 0 0 0/0 10:53 0:00 1:57
Jonathan Huberdeau 0 0 0 0 4 0 3 0 0 0 1/1 16:02 2:20 4:05
Jonathan Marchessault 0 0 0 0 0 0 1 0 0 0 6/13 11:06 2:20 0:00
Mark Mancari 0 5 5 2 4 2 2 1 2 0 2/5 22:51 4:22 6:03
Martin Frk 0 0 0 0 0 0 1 1 0 0 0/0 11:06 2:20 0:00
Matt Lashoff 0 0 0 1 5 2 0 4 1 0 0/0 25:43 4:42 8:06
Mattias Ekholm 0 0 0 1 4 2 4 0 0 1 0/0 27:06 4:42 6:48
Nicholas Baptiste 0 0 0 0 0 1 1 0 0 0 1/1 7:25 0:00 0:00
Nick Cousins 0 0 0 0 0 0 0 1 1 0 0/1 7:25 0:00 0:00
Ryan Murphy 0 0 0 0 2 1 0 0 0 0 0/0 10:40 0:00 1:51
Steven Kampfer 0 0 0 1 0 1 0 0 0 1 0/0 20:15 2:00 5:15
Ville Leino 2 3 5 2 2 5 3 1 1 1 8/13 24:45 4:22 8:03
Vincent Trocheck 3 2 5 2 2 3 3 0 1 0 17/36 22:28 4:22 4:51
Will Butcher 0 0 0 0 0 0 0 0 0 0 0/0 4:08 0:00 0:26
William Karlsson 0 0 0 0 0 1 0 0 0 0 2/5 9:10 0:00 0:42
Players Stats for Inferno
Player Name G A P +/- PIM S H SB GA TA FO MP PP MP PK MP
------------------------------------------------------------------------------------
Anders Lee 0 0 0 -1 2 2 1 0 2 0 9/20 18:05 8:25 0:22
Bryan Rust 0 0 0 -1 0 1 0 0 0 0 0/0 19:51 6:26 4:12
Christian Folin 0 0 0 -1 0 2 0 3 0 0 0/0 20:39 9:04 0:00
Colby Robak 0 0 0 -1 0 1 2 5 0 0 0/0 26:00 6:16 4:45
David Savard 0 0 0 -1 7 1 0 4 0 0 0/0 20:13 0:00 3:19
Esa Lindell 0 1 1 0 0 0 0 3 1 2 0/0 18:12 9:04 0:15
Greg Pateryn 0 0 0 0 0 3 1 1 0 0 0/0 18:28 6:16 2:33
Kyle Palmieri 1 0 1 -1 2 5 4 0 0 0 1/1 21:07 8:30 0:00
Mathieu Brodeur 0 0 0 -1 2 2 1 3 0 2 0/0 16:25 0:00 2:31
Matt Kassian 0 0 0 -1 0 2 0 0 0 1 1/2 11:43 0:24 2:09
Matthew Nieto 0 0 0 0 0 0 2 0 0 0 0/1 14:04 6:26 0:41
Oliver Bjorkstrand 0 0 0 0 0 0 0 0 0 0 0/0 9:17 0:00 0:00
Philip Varone 0 0 0 0 0 2 1 0 0 1 3/6 11:38 0:29 1:34
Ryan Spooner 0 0 0 0 2 0 0 0 0 0 0/0 9:21 0:00 0:00
Tanner Pearson 0 1 1 -1 0 0 1 0 0 1 0/2 21:04 8:30 0:00
Tyler Shattock 0 0 0 0 0 2 1 0 0 0 0/0 7:14 0:24 0:00
Victor Rask 0 0 0 0 0 2 1 0 1 0 4/8 14:06 6:26 0:00
Vladimir Sobotka 0 0 0 -1 2 2 0 1 0 0 20/36 15:29 0:00 4:11
3 Stars
1 - Vincent Trocheck (Tol)
2 - Ville Leino (Tol)
3 - Mark Mancari (Tol)
Power Play
Sewer Rats - 3 on 6 Attempt(s) - 50.00%
Inferno - 1 on 10 Attempt(s) - 10.00%
Penalty Kill
Sewer Rats - 9 on 10 Attempt(s) - 90.00%
- Score 0 goal in Penalty Kill
Inferno - 3 on 6 Attempt(s) - 50.00%
- Score 0 goal in Penalty Kill
Team Stat
Sewer Rats - Hits : 23 - Faceoff Wins : 38 - Blocked Shots : 12 - Penalty Minutes : 25
Inferno - Hits : 15 - Faceoff Wins : 38 - Blocked Shots : 20 - Penalty Minutes : 17
Official
Referees : Unknown
Linesman : Unknown
Game Notes
Joel Edmundson is injured at 2:02 of 1st period (Sprained Right Finger)
Christopher Gibson enters game at 14:35 of 2nd period
Vincent Trocheck has scored a Hat Trick!
David Savard beats up Matt Lashoff at 0:15 of 3rd period
Finance
Level 1 -- Attendance: 1591 (79.55%) -- Ticket Income $63,640
Level 2 -- Attendance: 786 (78.60%) -- Ticket Income $15,720
Total Attendance: 2377 (79.23%)
Total Ticket Income: $79,360
Other Income: $3,968
Total Income: $83,328
Sewer Rats
5 vs 5 Forward
Center Left Wing Right Wing Time % Phy DF OF
1 Vincent Trocheck Ville Leino Mark Mancari 40 1 2 2
2 Jonathan Marchessault Jonathan Huberdeau Martin Frk 30 1 2 2
3 William Karlsson Daniel Carr Dmitrij Jaskin 20 1 2 2
4 Nick Cousins Anthony Duclair Nicholas Baptiste 10 1 2 2
5 vs 5 Defense
Defense Defense Time % Phy DF OF
1 Matt Lashoff Mattias Ekholm 40 1 2 2
2 Steven Kampfer Jarred Tinordi 30 1 2 2
3 Joel Edmundson John Ramage 20 1 2 2
4 Ryan Murphy Will Butcher 10 1 2 2
PowerPlay Forward
Center Left Wing Right Wing Time % Phy DF OF
1 Vincent Trocheck Ville Leino Mark Mancari 60 1 2 2
2 Jonathan Marchessault Jonathan Huberdeau Martin Frk 40 1 2 2
PowerPlay Defense
Defense Defense Time % Phy DF OF
1 Matt Lashoff Mattias Ekholm 60 1 2 2
2 Steven Kampfer Jarred Tinordi 40 1 2 2
Penalty Kill 4 Players Forward
Center Wing Time % Phy DF OF
1 Ville Leino Mark Mancari 60 1 2 2
2 Jonathan Huberdeau Vincent Trocheck 40 1 2 2
Penalty Kill 4 Players Defense
Defense Defense Time % Phy DF OF
1 Matt Lashoff Mattias Ekholm 60 1 2 2
2 Steven Kampfer Jarred Tinordi 40 1 2 2
Penalty Kill - 3 Players Forward
Forward Time % Phy DF OF
1 Ville Leino 60 1 2 2
2 Mark Mancari 40 1 2 2
Penalty Kill - 3 Players Defense
Defense Defense Time % Phy DF OF
1 Matt Lashoff Mattias Ekholm 60 1 2 2
2 Steven Kampfer Jarred Tinordi 40 1 2 2
4 vs 4 Forward
Center Wing Time % Phy DF OF
1 Ville Leino Mark Mancari 60 1 2 2
2 Jonathan Huberdeau Vincent Trocheck 40 1 2 2
4 vs 4 Defense
Defense Defense Time % Phy DF OF
1 Matt Lashoff Mattias Ekholm 60 1 2 2
2 Steven Kampfer Jarred Tinordi 40 1 2 2
Last Minutes Offensive
Center Left Wing Right Wing Defense Defense
Vincent Trocheck Ville Leino Mark Mancari Matt Lashoff Mattias Ekholm
Last Minutes Defensive
Center Left Wing Right Wing Defense Defense
Vincent Trocheck Ville Leino Mark Mancari Matt Lashoff Mattias Ekholm
Goaltenders
Starting : Marek Mazanek
Backup : Sergei Kostenko
Extra Forwards
Normal : Daniel Carr, William Karlsson, Dmitrij Jaskin - PP : Daniel Carr, William Karlsson - PK : Dmitrij Jaskin
Extra Defensemen
Normal : Joel Edmundson, John Ramage, Ryan Murphy - PP : Joel Edmundson - PK : John Ramage, Ryan Murphy
Penalty Shots
Ville Leino, Mark Mancari, Jonathan Huberdeau, Vincent Trocheck, Jonathan Marchessault
Scratches
Dominik Kubalik (Healthy), Connor Carrick (Healthy), Josh Archibald (Healthy), Xavier Ouellet (Healthy), Jonathan Racine (Healthy)
Joseph Blandisi (Healthy), Tyler Motte (Healthy), Chris Calhan (Healthy), Antoine Bibeau (Healthy)
Inferno
5 vs 5 Forward
Center Left Wing Right Wing Time % Phy DF OF
1 Vladimir Sobotka Tanner Pearson Kyle Palmieri 40 1 2 2
2 Anders Lee Matt Kassian Bryan Rust 30 1 2 2
3 Victor Rask Matthew Nieto Tyler Shattock 20 1 2 2
4 Philip Varone Ryan Spooner Oliver Bjorkstrand 10 1 2 2
5 vs 5 Defense
Defense Defense Time % Phy DF OF
1 Colby Robak David Savard 40 1 2 2
2 Mathieu Brodeur Christian Folin 30 1 2 2
3 Esa Lindell Greg Pateryn 20 1 2 2
4 Mathieu Brodeur David Savard 10 1 2 2
PowerPlay Forward
Center Left Wing Right Wing Time % Phy DF OF
1 Anders Lee Tanner Pearson Kyle Palmieri 60 1 2 2
2 Victor Rask Matthew Nieto Bryan Rust 40 1 2 2
PowerPlay Defense
Defense Defense Time % Phy DF OF
1 Esa Lindell Christian Folin 60 1 2 2
2 Colby Robak Greg Pateryn 40 1 2 2
Penalty Kill 4 Players Forward
Center Wing Time % Phy DF OF
1 Vladimir Sobotka Bryan Rust 60 1 2 2
2 Philip Varone Matt Kassian 40 1 2 2
Penalty Kill 4 Players Defense
Defense Defense Time % Phy DF OF
1 Colby Robak David Savard 60 1 2 2
2 Mathieu Brodeur Greg Pateryn 40 1 2 2
Penalty Kill - 3 Players Forward
Forward Time % Phy DF OF
1 Vladimir Sobotka 60 1 2 2
2 Bryan Rust 40 1 2 2
Penalty Kill - 3 Players Defense
Defense Defense Time % Phy DF OF
1 Greg Pateryn David Savard 60 1 2 2
2 Mathieu Brodeur Greg Pateryn 40 1 2 2
4 vs 4 Forward
Center Wing Time % Phy DF OF
1 Vladimir Sobotka Tanner Pearson 60 1 2 2
2 Anders Lee Kyle Palmieri 40 1 2 2
4 vs 4 Defense
Defense Defense Time % Phy DF OF
1 Colby Robak David Savard 60 1 2 2
2 Mathieu Brodeur Christian Folin 40 1 2 2
Last Minutes Offensive
Center Left Wing Right Wing Defense Defense
Anders Lee Tanner Pearson Kyle Palmieri Colby Robak David Savard
Last Minutes Defensive
Center Left Wing Right Wing Defense Defense
Vladimir Sobotka Matt Kassian Bryan Rust Colby Robak David Savard
Goaltenders
Starting : Michael Hutchinson
Backup : Christopher Gibson
Extra Forwards
Normal : Anders Lee, Kyle Palmieri, Bryan Rust - PP : Tanner Pearson, Bryan Rust - PK : Matt Kassian
Extra Defensemen
Normal : Christian Folin, Greg Pateryn, Mathieu Brodeur - PP : Greg Pateryn - PK : Mathieu Brodeur, Greg Pateryn
Penalty Shots
Anders Lee, Tanner Pearson, Oliver Bjorkstrand, Victor Rask, Kyle Palmieri
Scratches
Chris Brown (Healthy), Frank Corrado (Healthy), Joakim Nordstrom (Healthy), Trevor Carrick (Healthy), Petteri Lindbohm (Healthy)
Daniil Tarasov (Healthy), Peter Cehlarik (Healthy), John Gilmour (Healthy), Branden Troock (Healthy), Simon Danis-Pepin (Healthy)
Luca Sbisa (Healthy), Nathan Lieuwen (Healthy)
% Time on Ice - Sewer Rats
Lines # - Real PCT - Wanted PCT - Time Play
Normal Forward
1 - 33% - 40% - 12:28
2 - 26% - 30% - 9:52
3 - 22% - 20% - 8:13
4 - 20% - 10% - 7:25
Normal Defense
1 - 38% - 40% - 14:37
2 - 34% - 30% - 13:00
3 - 21% - 20% - 7:55
4 - 6% - 10% - 2:26
PP Forward
1 - 65% - 60% - 4:22
2 - 35% - 40% - 2:20
PP Defense
1 - 70% - 60% - 4:42
2 - 30% - 40% - 2:00
PK Forward
1 - 70% - 60% - 9:19
2 - 30% - 40% - 4:05
PK Defense
1 - 66% - 60% - 8:49
2 - 34% - 40% - 4:35
PK3 Forward
1 - 51% - 60% - 0:59
2 - 49% - 40% - 0:57
PK3 Defense
1 - 66% - 60% - 1:16
2 - 34% - 40% - 0:40
44 Forward
1 - 0% - 60%
2 - 0% - 40%
44 Defense
1 - 0% - 60%
2 - 0% - 40%
Last Minute Offensive - 0:00
Last Minute Defensive - 0:00
Total
Forward - 60:00
Defense - 60:00
|
% Time on Ice - Inferno
Lines # - Real PCT - Wanted PCT - Time Play
Normal Forward
1 - 34% - 40% - 12:53
2 - 24% - 30% - 9:13
3 - 17% - 20% - 6:35
4 - 24% - 10% - 9:17
Normal Defense
1 - 41% - 40% - 15:45
2 - 26% - 30% - 9:58
3 - 21% - 20% - 7:55
4 - 11% - 10% - 4:20
PP Forward
1 - 58% - 60% - 8:54
2 - 42% - 40% - 6:26
PP Defense
1 - 59% - 60% - 9:04
2 - 41% - 40% - 6:16
PK Forward
1 - 76% - 60% - 4:53
2 - 24% - 40% - 1:34
PK Defense
1 - 74% - 60% - 4:45
2 - 26% - 40% - 1:42
PK3 Forward
1 - 100% - 60% - 0:15
2 - 0% - 40% - 0:00
PK3 Defense
1 - 100% - 60% - 0:15
2 - 0% - 40% - 0:00
44 Forward
1 - 0% - 60%
2 - 0% - 40%
44 Defense
1 - 0% - 60%
2 - 0% - 40%
Last Minute Offensive - 0:00
Last Minute Defensive - 0:00
Total
Forward - 60:00
Defense - 60:00
|
Play by Play
1st period
0:01 of 1st period - Vincent Trocheck wins face-off versus Vladimir Sobotka in neutral zone.
0:53 of 1st period - Slapshot by Daniel Carr.
0:53 of 1st period - Shot Misses the Net.
1:17 of 1st period - Wrist shot by Philip Varone.
1:17 of 1st period - Shot Misses the Net.
1:52 of 1st period - Snap shot by Anders Lee.
1:52 of 1st period - Deflect By Matt Kassian.
1:52 of 1st period - Stopped by Marek Mazanek without a rebound.
1:53 of 1st period - Anders Lee wins face-off versus Jonathan Marchessault in Sewer Rats zone.
1:58 of 1st period - Snap shot by Matt Kassian.
1:58 of 1st period - Shot Misses the Net.
2:00 of 1st period - Wrist shot by Matt Kassian.
2:00 of 1st period - Shot Misses the Net.
2:02 of 1st period - Slapshot by Colby Robak.
2:02 of 1st period - Shot Blocked by Joel Edmundson.
2:02 of 1st period - Joel Edmundson from Sewer Rats is injured at 2:02 of 1st period (Sprained Right Finger).
2:03 of 1st period - Vladimir Sobotka wins face-off versus Vincent Trocheck in Sewer Rats zone.
2:04 of 1st period - Wrist shot by Kyle Palmieri.
2:04 of 1st period - Stopped by Marek Mazanek with a rebound.
2:14 of 1st period - Slapshot by Kyle Palmieri.
2:14 of 1st period - Shot Misses the Net.
2:31 of 1st period - Minor Penalty to Ryan Murphy for Hooking.
2:32 of 1st period - Ville Leino wins face-off versus Anders Lee in Sewer Rats zone.
2:57 of 1st period - Christian Folin is hit by Vincent Trocheck.
4:31 of 1st period - Penalty to Ryan Murphy is over, Ryan Murphy is back on ice.
5:05 of 1st period - Bryan Rust is hit by Jonathan Huberdeau and loses puck.
6:34 of 1st period - Wrist shot by Anthony Duclair.
6:34 of 1st period - Stopped by Michael Hutchinson with a rebound.
6:56 of 1st period - Backhand shot by Victor Rask.
6:56 of 1st period - Shot Misses the Net.
6:58 of 1st period - Slapshot by Victor Rask.
6:58 of 1st period - Stopped by Marek Mazanek without a rebound.
6:59 of 1st period - Victor Rask wins face-off versus Ville Leino in Sewer Rats zone.
7:00 of 1st period - Snap shot by Matthew Nieto.
7:00 of 1st period - Shot Blocked by Jarred Tinordi.
7:08 of 1st period - Wrist shot by Ville Leino.
7:08 of 1st period - Shot Misses the Net.
7:10 of 1st period - Snap shot by Mark Mancari.
7:10 of 1st period - Shot Blocked by Colby Robak.
7:12 of 1st period - Wrist shot by Ville Leino.
7:12 of 1st period - Stopped by Michael Hutchinson without a rebound.
7:13 of 1st period - Jonathan Marchessault wins face-off versus Vladimir Sobotka in Inferno zone.
7:22 of 1st period - Slapshot by Matt Lashoff.
7:22 of 1st period - Shot Misses the Net.
7:24 of 1st period - Wrist shot by Jonathan Huberdeau.
7:24 of 1st period - Shot Misses the Net.
7:26 of 1st period - Slapshot by Mattias Ekholm.
7:26 of 1st period - Stopped by Michael Hutchinson with a rebound.
7:28 of 1st period - Wrist shot by Jonathan Huberdeau.
7:28 of 1st period - Shot Blocked by David Savard.
7:49 of 1st period - Greg Pateryn is hit by Mattias Ekholm and loses puck.
7:57 of 1st period - Icing by Greg Pateryn.
7:58 of 1st period - Vladimir Sobotka wins face-off versus Vincent Trocheck in Inferno zone.
8:02 of 1st period - Off-side.
8:03 of 1st period - Ville Leino wins face-off versus Matt Kassian in neutral zone.
8:08 of 1st period - Slapshot by Ville Leino.
8:08 of 1st period - Deflect By Vincent Trocheck.
8:08 of 1st period - Shot Misses the Net.
8:08 of 1st period - Puck is out of play.
8:09 of 1st period - Anders Lee wins face-off versus Vincent Trocheck in Inferno zone.
8:21 of 1st period - Minor Penalty to Mark Mancari for Roughing.
8:22 of 1st period - Anders Lee wins face-off versus Ville Leino in Sewer Rats zone.
8:36 of 1st period - Slapshot by Kyle Palmieri.
8:36 of 1st period - Shot Misses the Net.
8:48 of 1st period - Kyle Palmieri is hit by Jonathan Huberdeau.
8:56 of 1st period - Ville Leino is hit by Anders Lee and loses puck.
9:07 of 1st period - Snap shot by Anders Lee.
9:07 of 1st period - Stopped by Marek Mazanek without a rebound.
9:08 of 1st period - Jonathan Huberdeau wins face-off versus Matthew Nieto in Sewer Rats zone.
9:51 of 1st period - Anders Lee is hit by Mattias Ekholm and loses puck.
10:21 of 1st period - Penalty to Mark Mancari is over, Mark Mancari is back on ice.
10:32 of 1st period - Slapshot by Steven Kampfer.
10:32 of 1st period - Stopped by Michael Hutchinson with a rebound.
13:35 of 1st period - Colby Robak is hit by Jonathan Huberdeau and loses puck.
13:51 of 1st period - Greg Pateryn is hit by Mark Mancari and loses puck.
13:56 of 1st period - Snap shot by Vincent Trocheck.
13:56 of 1st period - Deflect By Ville Leino.
13:56 of 1st period - Shot Blocked by Greg Pateryn.
13:56 of 1st period - Puck is out of play.
13:57 of 1st period - Mark Mancari wins face-off versus Anders Lee in Inferno zone.
14:02 of 1st period - Snap shot by Vincent Trocheck.
14:02 of 1st period - Shot Blocked by Christian Folin.
14:04 of 1st period - Wrist shot by Ville Leino.
14:04 of 1st period - Goal by Ville Leino - Sewer Rats : 1 - Inferno : 0.
14:05 of 1st period - Vincent Trocheck wins face-off versus Vladimir Sobotka in neutral zone.
14:14 of 1st period - Snap shot by Vincent Trocheck.
14:14 of 1st period - Shot Misses the Net.
14:16 of 1st period - Slapshot by Matt Lashoff.
14:16 of 1st period - Stopped by Michael Hutchinson without a rebound.
14:17 of 1st period - Kyle Palmieri wins face-off versus Vincent Trocheck in Inferno zone.
15:46 of 1st period - Ville Leino is hit by Mathieu Brodeur and loses puck.
15:53 of 1st period - Slapshot by Ryan Spooner.
15:53 of 1st period - Shot Hit the Post.
15:57 of 1st period - Snap shot by Philip Varone.
15:57 of 1st period - Deflect By Oliver Bjorkstrand.
15:57 of 1st period - Shot Blocked by John Ramage.
15:57 of 1st period - Puck is out of play.
15:58 of 1st period - Anders Lee wins face-off versus Jonathan Marchessault in Sewer Rats zone.
16:01 of 1st period - Snap shot by Bryan Rust.
16:01 of 1st period - Shot Blocked by Matt Lashoff.
16:03 of 1st period - Slapshot by Esa Lindell.
16:03 of 1st period - Shot Blocked by Matt Lashoff.
16:05 of 1st period - Slapshot by Greg Pateryn.
16:05 of 1st period - Stopped by Marek Mazanek without a rebound.
16:06 of 1st period - Jonathan Marchessault wins face-off versus Anders Lee in Sewer Rats zone.
16:16 of 1st period - Wrist shot by Matt Kassian.
16:16 of 1st period - Stopped by Marek Mazanek with a rebound.
16:32 of 1st period - Slapshot by Colby Robak.
16:32 of 1st period - Deflect By Anders Lee.
16:32 of 1st period - Shot Misses the Net.
16:32 of 1st period - Puck is out of play.
16:33 of 1st period - Vladimir Sobotka wins face-off versus Mark Mancari in Sewer Rats zone.
16:39 of 1st period - Minor Penalty to Vincent Trocheck for Slashing.
16:40 of 1st period - Ville Leino wins face-off versus Tanner Pearson in Sewer Rats zone.
16:42 of 1st period - Minor Penalty to Mark Mancari for Hooking.
16:43 of 1st period - Ville Leino wins face-off versus Anders Lee in Sewer Rats zone.
16:55 of 1st period - Backhand shot by Tanner Pearson.
16:55 of 1st period - Shot Misses the Net.
17:09 of 1st period - Ville Leino is hit by Matthew Nieto and loses puck.
17:52 of 1st period - Wrist shot by Dmitrij Jaskin.
17:52 of 1st period - Deflect By William Karlsson.
17:52 of 1st period - Stopped by Michael Hutchinson with a rebound.
18:39 of 1st period - Penalty to Vincent Trocheck is over, Vincent Trocheck is back on ice.
18:42 of 1st period - Penalty to Mark Mancari is over, Mark Mancari is back on ice.
19:14 of 1st period - Snap shot by Nick Cousins.
19:14 of 1st period - Shot Blocked by Mathieu Brodeur.
19:18 of 1st period - Wrist shot by Nick Cousins.
19:18 of 1st period - Shot Blocked by Mathieu Brodeur.
19:20 of 1st period - Snap shot by Nick Cousins.
19:20 of 1st period - Shot Misses the Net.
19:22 of 1st period - Snap shot by John Ramage.
19:22 of 1st period - Shot Blocked by David Savard.
19:24 of 1st period - Snap shot by Anthony Duclair.
19:24 of 1st period - Shot Hit the Post.
19:26 of 1st period - Backhand shot by John Ramage.
19:26 of 1st period - Stopped by Michael Hutchinson with a rebound.
19:55 of 1st period - Anders Lee is hit by Daniel Carr and loses puck.
Goals for this period are 1 for Sewer Rats vs 0 for Inferno.
Shots for this period are 8 for Sewer Rats vs 6 for Inferno.
2nd period
0:01 of 2nd period - Vladimir Sobotka wins face-off versus Vincent Trocheck in neutral zone.
0:01 of 2nd period - Vladimir Sobotka is hit by Mark Mancari.
0:12 of 2nd period - Minor Penalty to Mattias Ekholm for Hooking.
0:13 of 2nd period - Ville Leino wins face-off versus Anders Lee in Sewer Rats zone.
0:17 of 2nd period - Anders Lee is hit by Ville Leino and loses puck.
2:12 of 2nd period - Penalty to Mattias Ekholm is over, Mattias Ekholm is back on ice.
2:28 of 2nd period - Snap shot by Nick Cousins.
2:28 of 2nd period - Shot Misses the Net.
3:21 of 2nd period - Snap shot by Philip Varone.
3:21 of 2nd period - Stopped by Marek Mazanek without a rebound.
3:22 of 2nd period - Vincent Trocheck wins face-off versus Vladimir Sobotka in Sewer Rats zone.
3:47 of 2nd period - Esa Lindell is hit by Jarred Tinordi and loses puck.
4:12 of 2nd period - Snap shot by Matthew Nieto.
4:12 of 2nd period - Deflect By Tyler Shattock.
4:12 of 2nd period - Shot Misses the Net.
4:12 of 2nd period - Puck is out of play.
4:13 of 2nd period - Victor Rask wins face-off versus Jonathan Marchessault in Sewer Rats zone.
4:43 of 2nd period - Slapshot by Vincent Trocheck.
4:43 of 2nd period - Shot Misses the Net.
4:45 of 2nd period - Slapshot by Jarred Tinordi.
4:45 of 2nd period - Shot Misses the Net.
4:47 of 2nd period - Slapshot by Steven Kampfer.
4:47 of 2nd period - Shot Misses the Net.
5:07 of 2nd period - Slapshot by David Savard.
5:07 of 2nd period - Stopped by Marek Mazanek without a rebound.
5:08 of 2nd period - Vincent Trocheck wins face-off versus Anders Lee in Sewer Rats zone.
5:10 of 2nd period - Minor Penalty to Mathieu Brodeur for Boarding.
5:11 of 2nd period - Vincent Trocheck wins face-off versus Vladimir Sobotka in Inferno zone.
5:14 of 2nd period - Wrist shot by Ville Leino.
5:14 of 2nd period - Deflect By Mark Mancari.
5:14 of 2nd period - Shot Blocked by Vladimir Sobotka.
5:14 of 2nd period - Puck is out of play.
5:15 of 2nd period - Vladimir Sobotka wins face-off versus Vincent Trocheck in Inferno zone.
5:25 of 2nd period - Minor Penalty to David Savard for Hooking.
5:26 of 2nd period - Vincent Trocheck wins face-off versus Vladimir Sobotka in Inferno zone.
5:38 of 2nd period - Snap shot by Mark Mancari.
5:38 of 2nd period - Stopped by Michael Hutchinson with a rebound.
5:40 of 2nd period - Wrist shot by Vincent Trocheck.
5:40 of 2nd period - Goal by Vincent Trocheck - Sewer Rats : 2 - Inferno : 0.
5:41 of 2nd period - Vincent Trocheck wins face-off versus Vladimir Sobotka in neutral zone.
5:58 of 2nd period - Off-side.
5:59 of 2nd period - Jonathan Marchessault wins face-off versus Vladimir Sobotka in neutral zone.
7:25 of 2nd period - Penalty to David Savard is over, David Savard is back on ice.
7:32 of 2nd period - Wrist shot by Philip Varone.
7:32 of 2nd period - Shot Misses the Net.
7:34 of 2nd period - Slapshot by Mathieu Brodeur.
7:34 of 2nd period - Stopped by Marek Mazanek without a rebound.
7:35 of 2nd period - Philip Varone wins face-off versus William Karlsson in Sewer Rats zone.
7:51 of 2nd period - Minor Penalty to Ryan Spooner for Hooking.
7:52 of 2nd period - Vincent Trocheck wins face-off versus Vladimir Sobotka in Inferno zone.
8:04 of 2nd period - Icing by Matt Lashoff.
8:05 of 2nd period - Vincent Trocheck wins face-off versus Vladimir Sobotka in Sewer Rats zone.
8:47 of 2nd period - Slapshot by Mattias Ekholm.
8:47 of 2nd period - Shot Blocked by Colby Robak.
8:49 of 2nd period - Snap shot by Mark Mancari.
8:49 of 2nd period - Shot Misses the Net.
8:51 of 2nd period - Slapshot by Vincent Trocheck.
8:51 of 2nd period - Deflect By Mark Mancari.
8:51 of 2nd period - Shot Misses the Net.
8:51 of 2nd period - Puck is out of play.
8:52 of 2nd period - Jonathan Marchessault wins face-off versus Vladimir Sobotka in Inferno zone.
9:51 of 2nd period - Penalty to Ryan Spooner is over, Ryan Spooner is back on ice.
10:21 of 2nd period - Wrist shot by Nick Cousins.
10:21 of 2nd period - Deflect By Anthony Duclair.
10:21 of 2nd period - Stopped by Michael Hutchinson without a rebound.
10:22 of 2nd period - Nicholas Baptiste wins face-off versus Philip Varone in Inferno zone.
10:29 of 2nd period - Nick Cousins is hit by Philip Varone and loses puck.
10:45 of 2nd period - Esa Lindell is hit by Nicholas Baptiste and loses puck.
11:24 of 2nd period - Snap shot by Philip Varone.
11:24 of 2nd period - Shot Blocked by Nick Cousins.
11:26 of 2nd period - Slapshot by Mathieu Brodeur.
11:26 of 2nd period - Stopped by Marek Mazanek with a rebound.
11:28 of 2nd period - Snap shot by Philip Varone.
11:28 of 2nd period - Stopped by Marek Mazanek without a rebound.
11:29 of 2nd period - Vladimir Sobotka wins face-off versus Vincent Trocheck in Sewer Rats zone.
11:30 of 2nd period - Snap shot by Kyle Palmieri.
11:30 of 2nd period - Stopped by Marek Mazanek without a rebound.
11:31 of 2nd period - Vincent Trocheck wins face-off versus Vladimir Sobotka in Sewer Rats zone.
11:31 of 2nd period - Vincent Trocheck is hit by Colby Robak.
11:39 of 2nd period - Slapshot by Matt Lashoff.
11:39 of 2nd period - Shot Misses the Net.
11:41 of 2nd period - Wrist shot by Ville Leino.
11:41 of 2nd period - Shot Misses the Net.
11:43 of 2nd period - Snap shot by Ville Leino.
11:43 of 2nd period - Shot Misses the Net.
11:58 of 2nd period - Off-side.
11:59 of 2nd period - Anders Lee wins face-off versus Jonathan Marchessault in neutral zone.
11:59 of 2nd period - Anders Lee is hit by Jarred Tinordi.
12:03 of 2nd period - Snap shot by Christian Folin.
12:03 of 2nd period - Deflect By Anders Lee.
12:03 of 2nd period - Shot Blocked by Jarred Tinordi.
12:03 of 2nd period - Puck is out of play.
12:04 of 2nd period - Anders Lee wins face-off versus Vincent Trocheck in Sewer Rats zone.
12:14 of 2nd period - Minor Penalty to Anders Lee for Tripping.
12:15 of 2nd period - Vladimir Sobotka wins face-off versus Vincent Trocheck in Inferno zone.
12:15 of 2nd period - Vladimir Sobotka is hit by Ville Leino.
12:22 of 2nd period - Wrist shot by Mark Mancari.
12:22 of 2nd period - Shot Blocked by David Savard.
12:24 of 2nd period - Snap shot by Mark Mancari.
12:24 of 2nd period - Shot Misses the Net.
12:26 of 2nd period - Wrist shot by Ville Leino.
12:26 of 2nd period - Shot Blocked by Colby Robak.
12:28 of 2nd period - Snap shot by Ville Leino.
12:28 of 2nd period - Goal by Ville Leino - Sewer Rats : 3 - Inferno : 0.
12:29 of 2nd period - Vladimir Sobotka wins face-off versus Mark Mancari in neutral zone.
12:45 of 2nd period - Slapshot by Mark Mancari.
12:45 of 2nd period - Shot Misses the Net.
12:59 of 2nd period - Slapshot by Jonathan Huberdeau.
12:59 of 2nd period - Shot Misses the Net.
13:17 of 2nd period - Slapshot by Matt Lashoff.
13:17 of 2nd period - Stopped by Michael Hutchinson without a rebound.
13:18 of 2nd period - William Karlsson wins face-off versus Victor Rask in Inferno zone.
13:33 of 2nd period - Wrist shot by Victor Rask.
13:33 of 2nd period - Stopped by Marek Mazanek with a rebound.
13:47 of 2nd period - Slapshot by Christian Folin.
13:47 of 2nd period - Stopped by Marek Mazanek without a rebound.
13:48 of 2nd period - Vincent Trocheck wins face-off versus Anders Lee in Sewer Rats zone.
13:55 of 2nd period - Wrist shot by Matt Kassian.
13:55 of 2nd period - Shot Misses the Net.
13:57 of 2nd period - Slapshot by Anders Lee.
13:57 of 2nd period - Shot Misses the Net.
13:59 of 2nd period - Wrist shot by Bryan Rust.
13:59 of 2nd period - Stopped by Marek Mazanek without a rebound.
14:00 of 2nd period - Vincent Trocheck wins face-off versus Tanner Pearson in Sewer Rats zone.
14:02 of 2nd period - Icing by Mark Mancari.
14:03 of 2nd period - Vincent Trocheck wins face-off versus Vladimir Sobotka in Sewer Rats zone.
14:03 of 2nd period - Vincent Trocheck is hit by Kyle Palmieri.
14:09 of 2nd period - Slapshot by Ville Leino.
14:09 of 2nd period - Stopped by Michael Hutchinson without a rebound.
14:10 of 2nd period - Vladimir Sobotka wins face-off versus Vincent Trocheck in Inferno zone.
14:10 of 2nd period - Vladimir Sobotka is hit by Ville Leino.
14:19 of 2nd period - Minor Penalty to Vladimir Sobotka for Hooking.
14:20 of 2nd period - Matt Kassian wins face-off versus Vincent Trocheck in Inferno zone.
14:31 of 2nd period - Snap shot by Ville Leino.
14:31 of 2nd period - Shot Blocked by Colby Robak.
14:33 of 2nd period - Wrist shot by Vincent Trocheck.
14:33 of 2nd period - Shot Misses the Net.
14:35 of 2nd period - Slapshot by Ville Leino.
14:35 of 2nd period - Deflect By Vincent Trocheck.
14:35 of 2nd period - Goal by Vincent Trocheck - Sewer Rats : 4 - Inferno : 0.
14:35 of 2nd period - Christopher Gibson enters game.
14:36 of 2nd period - Vladimir Sobotka wins face-off versus Vincent Trocheck in neutral zone.
14:40 of 2nd period - Off-side.
14:41 of 2nd period - Vladimir Sobotka wins face-off versus Ville Leino in neutral zone.
15:00 of 2nd period - Vladimir Sobotka is hit by Vincent Trocheck and loses puck.
15:05 of 2nd period - Snap shot by Ville Leino.
15:05 of 2nd period - Shot Blocked by Colby Robak.
15:07 of 2nd period - Wrist shot by Mattias Ekholm.
15:07 of 2nd period - Deflect By Mark Mancari.
15:07 of 2nd period - Stopped by Christopher Gibson with a rebound.
15:20 of 2nd period - Off-side.
15:21 of 2nd period - Anders Lee wins face-off versus Jonathan Marchessault in neutral zone.
15:48 of 2nd period - Dmitrij Jaskin is hit by Victor Rask and loses puck.
15:53 of 2nd period - Wrist shot by Matthew Nieto.
15:53 of 2nd period - Shot Misses the Net.
16:28 of 2nd period - Minor Penalty to Ville Leino for Tripping.
16:29 of 2nd period - Dmitrij Jaskin wins face-off versus Anders Lee in Sewer Rats zone.
16:38 of 2nd period - Slapshot by Kyle Palmieri.
16:38 of 2nd period - Goal by Kyle Palmieri - Sewer Rats : 4 - Inferno : 1.
16:39 of 2nd period - Vladimir Sobotka wins face-off versus Vincent Trocheck in neutral zone.
16:43 of 2nd period - Icing by Vincent Trocheck.
16:44 of 2nd period - Vladimir Sobotka wins face-off versus Vincent Trocheck in Sewer Rats zone.
17:20 of 2nd period - David Savard is hit by Jonathan Marchessault and loses puck.
18:45 of 2nd period - Icing by John Ramage.
18:46 of 2nd period - Vladimir Sobotka wins face-off versus William Karlsson in Sewer Rats zone.
18:55 of 2nd period - Wrist shot by Kyle Palmieri.
18:55 of 2nd period - Shot Misses the Net.
19:35 of 2nd period - Snap shot by Martin Frk.
19:35 of 2nd period - Shot Misses the Net.
19:37 of 2nd period - Wrist shot by Martin Frk.
19:37 of 2nd period - Shot Misses the Net.
19:39 of 2nd period - Slapshot by Jonathan Huberdeau.
19:39 of 2nd period - Shot Blocked by Esa Lindell.
19:41 of 2nd period - Wrist shot by Martin Frk.
19:41 of 2nd period - Shot Blocked by Esa Lindell.
19:55 of 2nd period - Will Butcher is hit by Greg Pateryn and loses puck.
Goals for this period are 3 for Sewer Rats vs 1 for Inferno.
Shots for this period are 8 for Sewer Rats vs 10 for Inferno.
3rd period
0:01 of 3rd period - Vincent Trocheck wins face-off versus Vladimir Sobotka in neutral zone.
0:04 of 3rd period - Wrist shot by Ville Leino.
0:04 of 3rd period - Shot Misses the Net.
0:06 of 3rd period - Snap shot by Vincent Trocheck.
0:06 of 3rd period - Goal by Vincent Trocheck - Sewer Rats : 5 - Inferno : 1.
0:07 of 3rd period - Vincent Trocheck wins face-off versus Vladimir Sobotka in neutral zone.
0:12 of 3rd period - Wrist shot by Ville Leino.
0:12 of 3rd period - Shot Blocked by David Savard.
0:15 of 3rd period - David Savard beats up Matt Lashoff.
0:15 of 3rd period - Penalty to David Savard for Fighting.
0:15 of 3rd period - Penalty to Matt Lashoff for Fighting.
0:16 of 3rd period - Vladimir Sobotka wins face-off versus Vincent Trocheck in Inferno zone.
1:12 of 3rd period - Wrist shot by Jonathan Marchessault.
1:12 of 3rd period - Shot Blocked by Esa Lindell.
1:26 of 3rd period - Snap shot by Victor Rask.
1:26 of 3rd period - Deflect By Tyler Shattock.
1:26 of 3rd period - Stopped by Marek Mazanek without a rebound.
1:27 of 3rd period - Vincent Trocheck wins face-off versus Victor Rask in Sewer Rats zone.
1:45 of 3rd period - Minor Penalty to Mattias Ekholm for High sticking.
1:46 of 3rd period - Mark Mancari wins face-off versus Anders Lee in Sewer Rats zone.
3:08 of 3rd period - Icing by Matthew Nieto.
3:09 of 3rd period - Victor Rask wins face-off versus Ville Leino in Inferno zone.
3:45 of 3rd period - Penalty to Mattias Ekholm is over, Mattias Ekholm is back on ice.
4:27 of 3rd period - Slapshot by Esa Lindell.
4:27 of 3rd period - Deflect By Anders Lee.
4:27 of 3rd period - Stopped by Marek Mazanek with a rebound.
4:45 of 3rd period - Snap shot by Jonathan Huberdeau.
4:45 of 3rd period - Shot Misses the Net.
4:47 of 3rd period - Snap shot by Mattias Ekholm.
4:47 of 3rd period - Stopped by Christopher Gibson without a rebound.
4:48 of 3rd period - Victor Rask wins face-off versus William Karlsson in Inferno zone.
4:57 of 3rd period - John Ramage is hit by Matthew Nieto and loses puck.
5:36 of 3rd period - David Savard is hit by Daniel Carr and loses puck.
6:23 of 3rd period - Christian Folin is hit by Martin Frk and loses puck.
7:13 of 3rd period - Jarred Tinordi is hit by Tyler Shattock and loses puck.
7:46 of 3rd period - Bryan Rust is hit by Daniel Carr and loses puck.
8:04 of 3rd period - Off-side.
8:05 of 3rd period - Vladimir Sobotka wins face-off versus Jonathan Marchessault in neutral zone.
8:32 of 3rd period - Mathieu Brodeur is hit by Vincent Trocheck.
8:36 of 3rd period - Snap shot by Vincent Trocheck.
8:36 of 3rd period - Deflect By Oliver Bjorkstrand.
8:36 of 3rd period - Shot Blocked by Christian Folin.
8:36 of 3rd period - Puck is out of play.
8:37 of 3rd period - Vladimir Sobotka wins face-off versus Vincent Trocheck in Inferno zone.
8:43 of 3rd period - Off-side.
8:44 of 3rd period - Vladimir Sobotka wins face-off versus Vincent Trocheck in neutral zone.
8:47 of 3rd period - Mattias Ekholm is hit by Tanner Pearson and loses puck.
8:54 of 3rd period - Snap shot by Kyle Palmieri.
8:54 of 3rd period - Stopped by Marek Mazanek with a rebound.
8:56 of 3rd period - Snap shot by Vladimir Sobotka.
8:56 of 3rd period - Stopped by Marek Mazanek without a rebound.
8:57 of 3rd period - Vincent Trocheck wins face-off versus Vladimir Sobotka in Sewer Rats zone.
9:11 of 3rd period - Wrist shot by Vladimir Sobotka.
9:11 of 3rd period - Stopped by Marek Mazanek with a rebound.
9:13 of 3rd period - Wrist shot by Tanner Pearson.
9:13 of 3rd period - Shot Misses the Net.
9:32 of 3rd period - Slapshot by Ville Leino.
9:32 of 3rd period - Shot Misses the Net.
9:50 of 3rd period - Slapshot by Matt Kassian.
9:50 of 3rd period - Shot Blocked by Martin Frk.
9:52 of 3rd period - Wrist shot by Colby Robak.
9:52 of 3rd period - Stopped by Marek Mazanek with a rebound.
9:54 of 3rd period - Wrist shot by Matt Kassian.
9:54 of 3rd period - Shot Misses the Net.
9:56 of 3rd period - Snap shot by Bryan Rust.
9:56 of 3rd period - Shot Misses the Net.
10:06 of 3rd period - Dmitrij Jaskin is hit by Kyle Palmieri.
10:30 of 3rd period - Slapshot by Colby Robak.
10:30 of 3rd period - Deflect By Philip Varone.
10:30 of 3rd period - Shot Blocked by Matt Lashoff.
10:30 of 3rd period - Puck is out of play.
10:31 of 3rd period - Jonathan Marchessault wins face-off versus Philip Varone in Sewer Rats zone.
10:33 of 3rd period - Double Minor Penalty to Jonathan Huberdeau for Slashing.
10:34 of 3rd period - Ville Leino wins face-off versus Anders Lee in Sewer Rats zone.
10:34 of 3rd period - Ville Leino is hit by Kyle Palmieri.
10:45 of 3rd period - Snap shot by Anders Lee.
10:45 of 3rd period - Shot Blocked by Matt Lashoff.
10:47 of 3rd period - Snap shot by Tanner Pearson.
10:47 of 3rd period - Deflect By Kyle Palmieri.
10:47 of 3rd period - Stopped by Marek Mazanek with a rebound.
11:09 of 3rd period - Wrist shot by Colby Robak.
11:09 of 3rd period - Shot Misses the Net.
12:08 of 3rd period - Icing by Bryan Rust.
12:09 of 3rd period - Ville Leino wins face-off versus Victor Rask in Inferno zone.
12:36 of 3rd period - Jarred Tinordi is hit by Colby Robak and loses puck.
13:29 of 3rd period - Snap shot by Esa Lindell.
13:29 of 3rd period - Shot Misses the Net.
13:31 of 3rd period - Slapshot by Greg Pateryn.
13:31 of 3rd period - Deflect By William Karlsson.
13:31 of 3rd period - Stopped by Marek Mazanek with a rebound.
13:33 of 3rd period - Slapshot by Greg Pateryn.
13:33 of 3rd period - Stopped by Marek Mazanek without a rebound.
13:34 of 3rd period - William Karlsson wins face-off versus Philip Varone in Sewer Rats zone.
13:43 of 3rd period - Slapshot by Matt Kassian.
13:43 of 3rd period - Shot Blocked by Ville Leino.
13:45 of 3rd period - Snap shot by Philip Varone.
13:45 of 3rd period - Shot Misses the Net.
13:47 of 3rd period - Slapshot by Greg Pateryn.
13:47 of 3rd period - Shot Blocked by Mark Mancari.
13:49 of 3rd period - Snap shot by Tyler Shattock.
13:49 of 3rd period - Stopped by Marek Mazanek without a rebound.
13:50 of 3rd period - Anders Lee wins face-off versus Ville Leino in Sewer Rats zone.
14:20 of 3rd period - Off-side.
14:21 of 3rd period - Ville Leino wins face-off versus Victor Rask in neutral zone.
14:33 of 3rd period - Penalty to Jonathan Huberdeau is over, Jonathan Huberdeau is back on ice.
14:34 of 3rd period - Slapshot by Christian Folin.
14:34 of 3rd period - Stopped by Marek Mazanek without a rebound.
14:35 of 3rd period - Jonathan Marchessault wins face-off versus Anders Lee in Sewer Rats zone.
14:35 of 3rd period - Jonathan Marchessault is hit by Kyle Palmieri.
14:45 of 3rd period - Tanner Pearson is hit by Mattias Ekholm and loses puck.
14:57 of 3rd period - Minor Penalty to Kyle Palmieri for Holding.
14:58 of 3rd period - Vladimir Sobotka wins face-off versus Vincent Trocheck in Inferno zone.
15:33 of 3rd period - Wrist shot by Ville Leino.
15:33 of 3rd period - Stopped by Christopher Gibson without a rebound.
15:34 of 3rd period - Philip Varone wins face-off versus Jonathan Marchessault in Inferno zone.
15:43 of 3rd period - Slapshot by Martin Frk.
15:43 of 3rd period - Shot Blocked by Mathieu Brodeur.
16:57 of 3rd period - Penalty to Kyle Palmieri is over, Kyle Palmieri is back on ice.
17:26 of 3rd period - Snap shot by Nicholas Baptiste.
17:26 of 3rd period - Stopped by Christopher Gibson without a rebound.
17:27 of 3rd period - Philip Varone wins face-off versus Nick Cousins in Inferno zone.
17:51 of 3rd period - Slapshot by Ryan Murphy.
17:51 of 3rd period - Stopped by Christopher Gibson with a rebound.
17:53 of 3rd period - Snap shot by Nicholas Baptiste.
17:53 of 3rd period - Shot Misses the Net.
17:59 of 3rd period - Slapshot by Nick Cousins.
17:59 of 3rd period - Shot Misses the Net.
18:01 of 3rd period - Slapshot by Nick Cousins.
18:01 of 3rd period - Shot Blocked by Christian Folin.
18:03 of 3rd period - Snap shot by Anthony Duclair.
18:03 of 3rd period - Stopped by Christopher Gibson without a rebound.
18:04 of 3rd period - Vladimir Sobotka wins face-off versus Vincent Trocheck in Inferno zone.
18:29 of 3rd period - Matt Kassian is hit by Mattias Ekholm and loses puck.
18:46 of 3rd period - Minor Penalty to Dmitrij Jaskin for Hooking.
18:47 of 3rd period - Anders Lee wins face-off versus Mark Mancari in Sewer Rats zone.
19:00 of 3rd period - Snap shot by Kyle Palmieri.
19:00 of 3rd period - Shot Misses the Net.
Goals for this period are 1 for Sewer Rats vs 0 for Inferno.
Shots for this period are 6 for Sewer Rats vs 11 for Inferno.
Back to the Top